| TOP OF THE 1ST |
|
Cincinnati Reds batting - Pitching for Atlanta Braves : RHP Gary Serum
|
|
Pitching: RHP Gary Serum
|
|
|
Batting: RHB Gary Matthews
|
0-0: Called Strike 0-1: Fly out, F9 (Flyball, 9LD, EV 77.5 MPH)
|
|
Batting: LHB Scott Radloff
|
0-0: Foul Ball, location: 2F 0-1: Ball 1-1: Foul Ball, location: 2F 1-2: Foul Ball, location: 2F 1-2: Ball 2-2: Ground out 4-3 (Groundball, 4, EV 85.6 MPH)
|
|
Batting: LHB Mike Easler
|
0-0: Ball 1-0: Called Strike 1-1: Ball 2-1: Ball 3-1: Ground out 4-3 (Groundball, 4, EV 104.4 MPH)
|
| Top of the 1st over - 0 runs, 0 hits, 0 errors, 0 left on base; Cincinnati 0 - Atlanta 0 |
| BOTTOM OF THE 1ST |
|
Atlanta Braves batting - Pitching for Cincinnati Reds : RHP Gary Nolan
|
|
Pitching: RHP Gary Nolan
|
|
|
Batting: SHB Tony Fernandez
|
0-0: Called Strike 0-1: Bunt missed! 0-2: Ball 1-2: SINGLE (Line Drive, 78S, EV 103.8 MPH)
|
|
Batting: LHB Mike Hargrove
|
0-0: Ball 1-0: Fly out, F5 (Popup, 56, EV 79.4 MPH)
|
|
Batting: LHB Leon Durham
|
0-0: Ball 1-0: Fly out, F8 (Flyball, 8LS, EV 83.1 MPH)
|
|
Batting: LHB Bobby Murcer
|
0-0: Ball 1-0: Foul Ball, location: 2F 1-1: Ball 2-1: Ball 3-1: Foul Ball, location: 2F 3-2: Base on Balls Tony Fernandez to second
|
|
Batting: LHB Joe L Morgan
|
0-0: Ball 1-0: Called Strike 1-1: Foul Ball, location: 2F 1-2: Ball 2-2: 3-RUN HOME RUN (Flyball, 89XD, EV 93.1 MPH), Distance : 415 ft
|
|
Batting: RHB Craig Kusick
|
0-0: Ball 1-0: Swinging Strike 1-1: Called Strike 1-2: Strikes out looking
|
| Bottom of the 1st over - 3 runs, 2 hits, 0 errors, 0 left on base; Cincinnati 0 - Atlanta 3 |
| TOP OF THE 2ND |
|
Cincinnati Reds batting - Pitching for Atlanta Braves : RHP Gary Serum
|
|
Batting: LHB Darrell Evans
|
0-0: TRIPLE (Flyball, 78XD, EV 98.1 MPH)
|
|
Batting: LHB Joseph Talley
|
0-0: Ball 1-0: DOUBLE (Line Drive, 8RD, EV 100.0 MPH) Darrell Evans scores
|
|
Batting: RHB Jim Anderson
|
0-0: Ball 1-0: Called Strike 1-1: Swinging Strike 1-2: Ball 2-2: Ball 3-2: Foul Ball, location: 2F 3-2: Fly out, F7 (Flyball, 7S, EV 86.9 MPH)
|
|
Batting: RHB John Malkin
|
0-0: SINGLE (Line Drive, 9S, EV 91.3 MPH) Joseph Talley to third Runner from 3rd tries for Home, SAFE, throw by RF to home
|
|
Batting: RHB Jesus Alfaro
|
0-0: Called Strike 0-1: Foul Ball, location: 2F 0-2: Ball 1-2: Foul Ball, location: 2F 1-2: Strikes out swinging
|
|
Batting: RHB Gary Nolan
|
0-0: Ball 1-0: Ball 2-0: Foul Ball, location: 2F 2-1: Foul Ball, location: 2F 2-2: Foul Ball, location: 2F 2-2: Strikes out swinging
|
| Top of the 2nd over - 2 runs, 3 hits, 0 errors, 1 left on base; Cincinnati 2 - Atlanta 3 |
| BOTTOM OF THE 2ND |
|
Atlanta Braves batting - Pitching for Cincinnati Reds : RHP Gary Nolan
|
|
Batting: RHB Adam Suman
|
0-0: Fly out, F7 (Line Drive, 7D, EV 107.5 MPH)
|
|
Batting: RHB Tom Veryzer
|
0-0: Ball 1-0: Ball 2-0: SINGLE (Groundball, 56D, EV 103.1 MPH)
|
|
Batting: RHB Gary Serum
|
0-0: Ball 1-0: Sac Bunt to 13 - play at first, batter OUT! 1-4 Tom Veryzer to second
|
|
Batting: SHB Tony Fernandez
|
0-0: Called Strike 0-1: Called Strike 0-2: Strikes out looking
|
| Bottom of the 2nd over - 0 runs, 1 hit, 0 errors, 1 left on base; Cincinnati 2 - Atlanta 3 |
| TOP OF THE 3RD |
|
Cincinnati Reds batting - Pitching for Atlanta Braves : RHP Gary Serum
|
|
Batting: RHB Gary Matthews
|
0-0: Ball 1-0: Foul Ball, location: 2F 1-1: Foul Ball, location: 2F 1-2: Ball 2-2: Foul Ball, location: 2F 2-2: Fly out, F9 (Line Drive, 9, EV 93.8 MPH)
|
|
Batting: LHB Scott Radloff
|
0-0: Called Strike 0-1: Called Strike 0-2: Ball 1-2: Ball 2-2: Ball 3-2: Strikes out swinging
|
|
Batting: LHB Mike Easler
|
0-0: Fly out, F4 (Popup, 4MD, EV 70.6 MPH)
|
| Top of the 3rd over - 0 runs, 0 hits, 0 errors, 0 left on base; Cincinnati 2 - Atlanta 3 |
| BOTTOM OF THE 3RD |
|
Atlanta Braves batting - Pitching for Cincinnati Reds : RHP Gary Nolan
|
|
Batting: LHB Mike Hargrove
|
0-0: Ball 1-0: Foul Ball, location: 2F 1-1: Called Strike 1-2: Ball 2-2: Ball 3-2: SINGLE (Groundball, 4MD, EV 95.6 MPH)
|
|
Batting: LHB Leon Durham
|
0-0: Ball 1-0: Ball 2-0: Fly out, F6 (Popup, 15S, EV 86.3 MPH)
|
|
Batting: LHB Bobby Murcer
|
0-0: Ball 1-0: Ball 2-0: Called Strike 2-1: Swinging Strike 2-2: Foul Ball, location: 2F 2-2: Strikes out swinging
|
|
Batting: LHB Joe L Morgan
|
0-0: Ball Mike Hargrove steals 2nd base 1-0: Ball 2-0: Swinging Strike 2-1: Swinging Strike 2-2: Ball 3-2: Base on Balls
|
|
Batting: RHB Craig Kusick
|
0-0: Ball 1-0: Called Strike 1-1: Called Strike 1-2: Ball 2-2: Ball 3-2: Foul Ball, location: 2F 3-2: Fly out, F3 (Line Drive, 3, EV 66.9 MPH)
|
| Bottom of the 3rd over - 0 runs, 1 hit, 0 errors, 2 left on base; Cincinnati 2 - Atlanta 3 |
| TOP OF THE 4TH |
|
Cincinnati Reds batting - Pitching for Atlanta Braves : RHP Gary Serum
|
|
Batting: LHB Darrell Evans
|
0-0: Ball 1-0: Ball 2-0: Foul Ball, location: 2F 2-1: Ball 3-1: Foul Ball, location: 2F 3-2: Foul Ball, location: 2F 3-2: Ground out U3 (Groundball, 3, EV 103.8 MPH)
|
|
Batting: LHB Joseph Talley
|
0-0: Ball 1-0: Ball 2-0: Foul Ball, location: 2F 2-1: Ball 3-1: Base on Balls
|
|
Batting: RHB Jim Anderson
|
0-0: Ball 1-0: SINGLE (Groundball, 34D, EV 104.4 MPH) Joseph Talley to second Runner from 2nd tries for 3rd, SAFE, no throw by RF
|
|
Batting: RHB John Malkin
|
0-0: Ball 1-0: Fly out, F3 (Popup, 34S, EV 72.5 MPH)
|
|
Batting: RHB Jesus Alfaro
|
0-0: Ball 1-0: Called Strike 1-1: Fly out, F9 (Flyball, 9, EV 90.0 MPH)
|
| Top of the 4th over - 0 runs, 1 hit, 0 errors, 2 left on base; Cincinnati 2 - Atlanta 3 |
| BOTTOM OF THE 4TH |
|
Atlanta Braves batting - Pitching for Cincinnati Reds : RHP Gary Nolan
|
|
Batting: RHB Adam Suman
|
0-0: Ball 1-0: Swinging Strike 1-1: Swinging Strike 1-2: Ball 2-2: Ball 3-2: Ground out 6-3 (Groundball, 6, EV 78.1 MPH)
|
|
Batting: RHB Tom Veryzer
|
0-0: Ball 1-0: Swinging Strike 1-1: Ground out 6-3 (Groundball, 6, EV 92.5 MPH)
|
|
Batting: RHB Gary Serum
|
0-0: Called Strike 0-1: Foul Ball, location: 2F 0-2: Strikes out swinging
|
| Bottom of the 4th over - 0 runs, 0 hits, 0 errors, 0 left on base; Cincinnati 2 - Atlanta 3 |
| TOP OF THE 5TH |
|
Cincinnati Reds batting - Pitching for Atlanta Braves : RHP Gary Serum
|
|
Batting: RHB Gary Nolan
|
0-0: Called Strike 0-1: Called Strike 0-2: Foul Ball, location: 2F 0-2: Ball 1-2: Ball 2-2: Ball 3-2: Strikes out looking
|
|
Batting: RHB Gary Matthews
|
0-0: Fly out, F8 (Flyball, 8RD, EV 94.4 MPH)
|
|
Batting: LHB Scott Radloff
|
0-0: Ball 1-0: Called Strike 1-1: Foul Ball, location: 2F 1-2: Ball 2-2: SINGLE (Groundball, 3D, EV 101.9 MPH)
|
|
Batting: LHB Mike Easler
|
0-0: Called Strike 0-1: Called Strike 0-2: Foul Ball, location: 2F 0-2: Foul Ball, location: 2F 0-2: Ball 1-2: Strikes out looking
|
| Top of the 5th over - 0 runs, 1 hit, 0 errors, 1 left on base; Cincinnati 2 - Atlanta 3 |
| BOTTOM OF THE 5TH |
|
Atlanta Braves batting - Pitching for Cincinnati Reds : RHP Gary Nolan
|
|
Batting: SHB Tony Fernandez
|
0-0: Foul Ball, location: 2F 0-1: Ball 1-1: Ball 2-1: Ball 3-1: Foul Ball, location: 2F 3-2: SINGLE (Groundball, 56, EV 100.0 MPH)
|
|
Batting: LHB Mike Hargrove
|
0-0: Grounds into double play, 4-6-3 (Groundball, 34, EV 90.0 MPH)
|
|
Batting: LHB Leon Durham
|
0-0: Ground out 6-3 (Groundball, 6S, EV 89.4 MPH)
|
| Bottom of the 5th over - 0 runs, 1 hit, 0 errors, 0 left on base; Cincinnati 2 - Atlanta 3 |
| TOP OF THE 6TH |
|
Cincinnati Reds batting - Pitching for Atlanta Braves : RHP Gary Serum
|
|
Batting: LHB Darrell Evans
|
0-0: Swinging Strike 0-1: Foul Ball, location: 2F 0-2: Foul Ball, location: 2F 0-2: Ball 1-2: Ball 2-2: Foul Ball, location: 2F 2-2: Fly out, F9 (Flyball, 9, EV 88.8 MPH)
|
|
Batting: LHB Joseph Talley
|
0-0: Swinging Strike 0-1: Foul Ball, location: 2F 0-2: Ball 1-2: Ball 2-2: Ball 3-2: Foul Ball, location: 2F 3-2: Foul Ball, location: 2F 3-2: Fly out, F6 (Flyball, 6D, EV 91.9 MPH)
|
|
Batting: RHB Jim Anderson
|
0-0: Ball 1-0: Called Strike 1-1: SINGLE (Groundball, 34D, EV 97.5 MPH)
|
|
Batting: RHB John Malkin
|
0-0: Ball 1-0: Foul Ball, location: 2F 1-1: Ball 2-1: Ball 3-1: 2-RUN HOME RUN (Flyball, 78XD, EV 96.9 MPH), Distance : 411 ft
|
|
Batting: RHB Jesus Alfaro
|
0-0: Ball 1-0: Ball 2-0: Called Strike 2-1: Foul Ball, location: 2F 2-2: Ball 3-2: Foul Ball, location: 2F 3-2: Foul Ball, location: 2F 3-2: SINGLE (Line Drive, 9S, EV 88.8 MPH)
|
|
Batting: RHB Gary Nolan
|
0-0: Ball 1-0: Foul Ball, location: 2F 1-1: Fielders Choice at 2nd, 6-4 (Groundball, 6, EV 97.5 MPH)
|
| Top of the 6th over - 2 runs, 3 hits, 0 errors, 1 left on base; Cincinnati 4 - Atlanta 3 |
| BOTTOM OF THE 6TH |
|
Atlanta Braves batting - Pitching for Cincinnati Reds : RHP Gary Nolan
|
|
Batting: LHB Bobby Murcer
|
0-0: Called Strike 0-1: Ball 1-1: SOLO HOME RUN (Flyball, 9LD, EV 94.4 MPH), Distance : 347 ft
|
|
Batting: LHB Joe L Morgan
|
0-0: Ball 1-0: Ground out 4-3 (Groundball, 4, EV 81.3 MPH)
|
|
Batting: RHB Craig Kusick
|
0-0: Foul Ball, location: 2F 0-1: Ball 1-1: Swinging Strike 1-2: Ball 2-2: Fly out, F7 (Flyball, 7S, EV 90.0 MPH)
|
|
Batting: RHB Adam Suman
|
0-0: Ball 1-0: Fly out, F7 (Flyball, 78S, EV 78.8 MPH)
|
| Bottom of the 6th over - 1 run, 1 hit, 0 errors, 0 left on base; Cincinnati 4 - Atlanta 4 |
| TOP OF THE 7TH |
|
Cincinnati Reds batting - Pitching for Atlanta Braves : RHP Gary Serum
|
|
Pitching: RHP Charlie Lea
|
|
|
Now at C: Mike Scioscia
|
|
|
Batting: RHB Gary Matthews
|
0-0: Ball 1-0: Called Strike 1-1: Foul Ball, location: 2F 1-2: Foul Ball, location: 2F 1-2: Ball 2-2: Foul Ball, location: 2F 2-2: Ball 3-2: Fly out, F7 (Flyball, 78S, EV 86.3 MPH)
|
|
Batting: LHB Scott Radloff
|
0-0: Foul Ball, location: 2F 0-1: Ball 1-1: Ball 2-1: Foul Ball, location: 2F 2-2: Fly out, F4 (Flyball, 4D, EV 93.1 MPH)
|
|
Batting: LHB Mike Easler
|
0-0: Called Strike 0-1: Called Strike 0-2: Ball 1-2: Ball 2-2: Ball 3-2: SINGLE (Groundball, 6MD, EV 95.0 MPH)
|
|
Batting: LHB Darrell Evans
|
0-0: Called Strike 0-1: Hit by Pitch Mike Easler to second
|
|
Batting: LHB Joseph Talley
|
0-0: Ball 1-0: Foul Ball, location: 2F 1-1: Called Strike 1-2: Strikes out looking
|
| Top of the 7th over - 0 runs, 1 hit, 0 errors, 2 left on base; Cincinnati 4 - Atlanta 4 |
| BOTTOM OF THE 7TH |
|
Atlanta Braves batting - Pitching for Cincinnati Reds : RHP Gary Nolan
|
|
Batting: RHB Tom Veryzer
|
0-0: Called Strike 0-1: Ball 1-1: Swinging Strike 1-2: Ball 2-2: Ball 3-2: Foul Ball, location: 2F 3-2: Foul Ball, location: 2F 3-2: SINGLE (Line Drive, 78M, EV 110.6 MPH)
|
|
Batting: LHB Mike Scioscia
|
0-0: Ball 1-0: Called Strike 1-1: Ball 2-1: Fly out, F9 (Flyball, 9, EV 91.9 MPH)
|
|
Batting: SHB Tony Fernandez
|
0-0: Ball 1-0: Ball 2-0: Ball 3-0: Called Strike 3-1: Base on Balls Tom Veryzer to second
|
|
Batting: LHB Mike Hargrove
|
0-0: Called Strike Tom Veryzer steals 3rd base Tony Fernandez to second 0-1: Ball 1-1: Foul Ball, location: 2F 1-2: Foul Ball, location: 2F 1-2: Ball 2-2: DOUBLE (Groundball, 3L, EV 108.1 MPH) Tom Veryzer scores Tony Fernandez scores
|
|
Batting: LHB Leon Durham
|
0-0: Intentional Walk
|
|
Batting: LHB Bobby Murcer
|
0-0: Ball 1-0: Swinging Strike 1-1: Foul Ball, location: 2F 1-2: Foul Ball, location: 2F 1-2: Ball 2-2: Foul Ball, location: 2F 2-2: Ball 3-2: Hit by Pitch Mike Hargrove to third Leon Durham to second
|
|
Batting: LHB Joe L Morgan
|
0-0: Ball 1-0: Called Strike 1-1: Ball 2-1: Called Strike 2-2: Foul Ball, location: 2F 2-2: Foul Ball, location: 2F 2-2: Ball 3-2: Strikes out swinging
|
|
Batting: RHB Craig Kusick
|
0-0: Ball 1-0: Foul Ball, location: 2F 1-1: Ground out 1-3 (Groundball, 13S, EV 65.6 MPH)
|
| Bottom of the 7th over - 2 runs, 2 hits, 0 errors, 3 left on base; Cincinnati 4 - Atlanta 6 |
| TOP OF THE 8TH |
|
Cincinnati Reds batting - Pitching for Atlanta Braves : RHP Charlie Lea
|
|
Batting: RHB Jim Anderson
|
0-0: Foul Ball, location: 2F 0-1: Ball 1-1: Fly out, F9 (Flyball, 89S, EV 95.6 MPH)
|
|
Batting: RHB John Malkin
|
0-0: Ball 1-0: Called Strike 1-1: Swinging Strike 1-2: Ball 2-2: Fly out, F9 (Flyball, 89M, EV 85.0 MPH)
|
|
Batting: RHB Jesus Alfaro
|
0-0: Ball 1-0: Called Strike 1-1: Ball 2-1: Swinging Strike 2-2: Ball 3-2: Ground out 6-3 (Groundball, 6, EV 87.5 MPH)
|
| Top of the 8th over - 0 runs, 0 hits, 0 errors, 0 left on base; Cincinnati 4 - Atlanta 6 |
| BOTTOM OF THE 8TH |
|
Atlanta Braves batting - Pitching for Cincinnati Reds : RHP Gary Nolan
|
|
Pinch Hitting: SHB UL Washington
|
0-0: Called Strike 0-1: Ball 1-1: Ball 2-1: Called Strike 2-2: Reached on error, E6 (Groundball, 6, EV 81.9 MPH)
|
|
Batting: RHB Tom Veryzer
|
0-0: Foul Ball, location: 2F 0-1: Ball 1-1: Ball 2-1: Foul Ball, location: 2F 2-2: Strikes out swinging
|
|
Batting: LHB Mike Scioscia
|
0-0: Foul Ball, location: 2F 0-1: Ball 1-1: Ball 2-1: DOUBLE (Groundball, 3L, EV 101.9 MPH) UL Washington scores
|
|
Pitching: RHP Mike Armstrong
|
|
|
Batting: SHB Tony Fernandez
|
0-0: Ball 1-0: Ball 2-0: Swinging Strike 2-1: Foul Ball, location: 2F 2-2: Foul Ball, location: 2F 2-2: Foul Ball, location: 2F 2-2: Ground out 4-3 (Groundball, 4MD, EV 103.8 MPH) Mike Scioscia to third
|
|
Batting: LHB Mike Hargrove
|
0-0: Ball 1-0: Ball 2-0: DOUBLE (Groundball, 3L, EV 103.8 MPH) Mike Scioscia scores
|
|
Batting: LHB Leon Durham
|
0-0: Intentional Walk
|
|
Batting: LHB Bobby Murcer
|
0-0: Fly out, F8 (Flyball, 89D, EV 103.8 MPH)
|
| Bottom of the 8th over - 2 runs, 2 hits, 1 error, 2 left on base; Cincinnati 4 - Atlanta 8 |
| TOP OF THE 9TH |
|
Cincinnati Reds batting - Pitching for Atlanta Braves : RHP Charlie Lea
|
|
Pitching: LHP Scott McGregor
|
|
|
Pinch Hitting: RHB Marco Mosquera
|
0-0: Called Strike 0-1: Ball 1-1: Ball 2-1: Ball 3-1: Fly out, F9 (Flyball, 89S, EV 94.4 MPH)
|
|
Batting: RHB Gary Matthews
|
0-0: Called Strike 0-1: Ball 1-1: Foul Ball, location: 2F 1-2: Foul Ball, location: 2F 1-2: Ball 2-2: Foul Ball, location: 2F 2-2: Ball 3-2: DOUBLE (Flyball, 8RXD, EV 108.1 MPH)
|
|
Batting: LHB Scott Radloff
|
0-0: Ground out 6-3 (Groundball, 56, EV 83.8 MPH)
|
|
Batting: LHB Mike Easler
|
0-0: Ball 1-0: Ball 2-0: Ball 3-0: Called Strike 3-1: Called Strike 3-2: Foul Ball, location: 2F 3-2: Fly out, F8 (Flyball, 8RD, EV 93.1 MPH)
|
| Top of the 9th over - 0 runs, 1 hit, 0 errors, 1 left on base; Cincinnati 4 - Atlanta 8 |
|